 Dungeon Crawl Stone Soup version 0.18.1-5-g4a78601 (webtiles) character file.

107 dracos369 the Gusty (level 4, 0/33 HPs)
             Began as a Draconian Air Elementalist on May 14, 2016.
             Killed by nerve-wracking pain
             ... invoked by Grinder
              (1 damage)
             ... on level 2 of the Dungeon.
             The game lasted 00:15:58 (2241 turns).

dracos369 the Gusty (Draconian Air Elementalist)    Turns: 2241, Time: 00:16:00

Health: 0/33       AC:  7    Str: 10    XL:     4   Next: 56%
Magic:  7/7        EV: 13    Int: 17    God:
Gold:   92         SH:  0    Dex: 11    Spells: 3 memorised, 2 levels left

rFire  . . .     SeeInvis .     g - +0 short sword
rCold  . . .     Gourm    .     (armour unavailable)
rNeg   . . .     Faith    .     (no shield)
rPois  .         Spirit   .     (helmet restricted)
rElec  .         Dismiss  .     (no cloak)
rCorr  .         Reflect  .     (no gloves)
SustAt .         Harm     .     (no boots)
MR     .....                    (no amulet)
Stlth  ++........               o - +2 ring of protection
                                j - +1 ring of evasion

@: repel missiles, not resistant to hostile enchantments, unstealthy
A: unfitting armour, cold-blooded, AC +5
a: no special abilities


You were on level 2 of the Dungeon.
You were hungry.

You visited 1 branch of the dungeon, and saw 4 of its levels.

You collected 92 gold pieces.

Inventory:

Hand Weapons
 g - a +0 short sword (weapon)
Jewellery
 j - a +1 ring of evasion (left hand)
 o - a +2 ring of protection (right hand)
 q - an uncursed ring of flight
Scrolls
 c - a scroll of identify {unknown}
 h - a scroll of recharging
 k - a scroll of teleportation {unknown}
 p - a scroll of fear {unknown}
Potions
 e - 2 potions of lignification {unknown}
 f - 2 potions of curing {unknown}
 i - a potion of brilliance {unknown}
 l - 2 potions of heal wounds {unknown}
 m - a potion of agility {unknown}
Books
 a - a book of Air

   Spells                             Type                      Level
   a - Shock                          Conjuration/Air              1
   b - Swiftness                      Charms/Air                   2
   c - Repel Missiles                 Charms/Air                   2
   d - Static Discharge               Conjuration/Air              3
   e - Lightning Bolt                 Conjuration/Air              5
Comestibles
 b - 3 bread rations
 d - 7 chunks of flesh
 n - a beef jerky


   Skills:
 - Level 1.7 Dodging
 - Level 1.7 Stealth
 - Level 2.0 Spellcasting
 + Level 3.2 Conjurations
 + Level 4.3 Air Magic


You had 2 spell levels left.
You knew the following spells:

 Your Spells              Type           Power        Failure   Level  Hunger
a - Shock                 Conj/Air       ##..         4%          1    #......
b - Repel Missiles        Chrm/Air       #.....       14%         2    ###....
c - Swiftness             Chrm/Air       #.......     14%         2    ###....


Dungeon Overview and Level Annotations

Branches:
Dungeon (4/15)
 Temple: D:4-7

Altars:

Annotations:
D:2 Grinder


Innate Abilities, Weirdness & Mutations

Your plain brown scales are hard (AC +5).
Your body does not fit into most forms of armour.
You are cold-blooded and may be slowed by cold attacks.


Message History

Grinder blinks!
Grinder gestures at you.
You suddenly lose the ability to move!
Grinder blinks!
You can move again.
Grinder gestures at you.
You shrug off the repeated paralysis!
The goblin shouts!
There is a stone staircase leading up here.
You climb upwards.
There is a stone staircase leading down here.
You hit Grinder but do no damage.
Grinder hits you. x2; You writhe in agony.
You closely miss Grinder. Grinder hits you.
You writhe in agony.
* * * LOW HITPOINT WARNING * * *
Grinder gestures at you. Pain shoots through your body!
* * * LOW HITPOINT WARNING * * *
Grinder gestures at you. Pain shoots through your body!
You die...

#......## #..# #...)...#
#......# #..# #.......######
##'###.# #..# #............#
#.# #.####..# ###..........#
###.###<......## #..........#
........###....# #......#####
###............# #.....(#
#########....######......######
#.............@..5............#
#.#####################>#####.#
#.# #.# #.# #.# #.# #.# #.# #.#
#.# ###.# #.# #.. ....# #.# #.#
##### #.# #.# #.#######


You could see Grinder.

Vanquished Creatures
  4 adders
  An ooze (D:1)
  A dart slug (D:1)
  4 giant geckos
  An orc (D:3)
  7 giant cockroaches
  10 goblins
  7 hobgoblins
  2 jackals (D:3)
  A ball python (D:3)
  3 giant newts
  10 kobolds
  4 rats (D:1)
55 creatures vanquished.

Notes
Turn   | Place    | Note
--------------------------------------------------------------
     0 | D:1      | dracos369 the Draconian Air Elementalist began the quest for the Orb.
     0 | D:1      | Reached XP level 1. HP: 14/14 MP: 3/3
   338 | D:1      | Reached XP level 2. HP: 19/20 MP: 3/5
   342 | D:1      | Learned a level 2 spell: Repel Missiles
   345 | D:1      | Learned a level 2 spell: Swiftness
   720 | D:1      | Reached XP level 3. HP: 22/26 MP: 3/6
  1379 | D:2      | Reached skill level 4 in Air Magic
  1487 | D:2      | Reached XP level 4. HP: 33/33 MP: 4/7
  1754 | D:3      | You fall through a shaft!
  1754 | D:4      | Noticed an ogre
  2156 | D:3      | Noticed Grinder
  2198 | D:3      | Paralysed by Grinder for 3 turns
  2219 | D:3      | Paralysed by Grinder for 4 turns
  2235 | D:2      | HP: 1/33 [Grinder/nerve-wracking pain (8)]
  2241 | D:2      | Killed from afar by Grinder

Skill      XL: |  1  2  3  4 |
---------------+-------------+-----
Conjurations   | 2 3 |  3.2
Air Magic      | 4 |  4.3
Dodging        | |  1.7
Stealth        | |  1.7
Spellcasting   | |  2.0

Action                   |  1- 3 |  4- 6 || total
-------------------------+-------+-------++-------
Melee: Unarmed           |    21 |       ||    21
       Tailslap          |     5 |       ||     5
       Short sword       |    19 |     5 ||    24
 Cast: Shock             |    55 |    22 ||    77
       Repel Missiles    |       |     1 ||     1
  Use: Scroll            |       |     1 ||     1
 Stab: Sleeping          |     3 |     2 ||     5
  Eat: Chunk             |     3 |     2 ||     5
Armor: Skin              |    16 |    14 ||    30
Dodge: Dodged            |    37 |    31 ||    68
